 Dungeon Crawl Stone Soup version 0.32-a0-768-g0f6f1dd4b9 (webtiles) character file.

Game seed: 16847191209808949568

44 Griffin23 the Shield-Bearer (level 3, 0/31 HPs)
             Began as a Demigod Fighter on Mar 18, 2024.
             Slain by Robin
             ... wielding a +0 dagger of flaming
              (1 damage)
             ... on level 3 of the Dungeon.
             The game lasted 00:02:10 (1642 turns).

Griffin23 the Shield-Bearer (Demigod Fighter)       Turns: 1642, Time: 00:02:12

Health: 0/31       AC:  6    Str: 21    XL:     3   Next: 23%
Magic:  5/5        EV:  8    Int: 10    God:
Gold:   36         SH:  4    Dex: 13    Spells: 2/2 levels left

rFire   . . .        a - +0 long sword
rCold   . . .        c - +0 buckler
rNeg    . . .        b - +0 scale mail
rPois   .            (no helmet)
rElec   .            (no cloak)
rCorr   .            (no gloves)
SInv    .            (no boots)
Will    .....        (no amulet) Stlth
                     (no ring)
HPRegen 0.25/turn    (no ring)
MPRegen 0.09/turn

%: no passive effects
@: no status effects
A: high MP 1, forlorn, divine attributes
a: no special abilities


You were on level 3 of the Dungeon.
You visited 1 branch of the dungeon, and saw 3 of its levels.

You collected 36 gold pieces.

Inventory:

Hand Weapons
 a - a +0 long sword (weapon)
Missiles
 i - a throwing net (quivered)
Armour
 b - a +0 scale mail (worn)
 c - a +0 buckler (worn)
Jewellery
 l - an amulet of guardian spirit
Scrolls
 e - 2 scrolls of identify {unknown}
 f - a scroll of amnesia {unknown}
 h - a scroll of torment {unknown}
Potions
 d - 2 potions of might
 g - a potion of attraction {unknown}
 j - 2 potions of ambrosia {unknown}
 k - a potion of lignification {unknown}
 m - a potion of berserk rage {unknown}
 n - 2 potions of mutation {unknown}


   Skills:
 + Level 3.0 Fighting
 * Level 2.4 Long Blades
 + Level 3.0 Armour
 + Level 3.0 Shields


You had 2 spell levels left.
You didn't know any spells.
Your spell library contained the following spells:

 Spells                   Type           Power      Damage    Failure   Level
 Passwall                 Erth           0%         N/A       98%         3
 Volatile Blastmotes      Fire/Tloc      0%         2d10      98%         3
 Bombard                  Conj/Erth      0%         9d1       100%        6


Dungeon Overview and Level Annotations

Branches:
Dungeon (3/15)

Annotations:
D:3 Robin


Innate Abilities, Weirdness & Mutations

You have an increased reservoir of magic. (+10% MP)
You shall have no god before yourself.
Your divine heritage dramatically boosts your attributes as you level up.


Message History

You hit the goblin.
You kill the goblin!
The goblin hits you but does no damage.
Robin roars a battlecry!
The goblin goes into a battle-frenzy!
The goblin hits you with a +0 club.
Items here: ))) †.
The goblin hits you with a +0 club. You block the goblin's attack.
You see here 13 gold pieces.
The goblin attacks as it pursues you! The goblin hits you but does no damage.
You slash Robin!
Robin is heavily wounded.
The goblin misses you. You block the goblin's attack.
Robin hits you with a +0 dagger of flaming.
Robin burns you.
* * * LOW HITPOINT WARNING * * *
You hit Robin.
Robin is severely wounded.
You block the goblin's attack. The goblin hits you but does no damage.
Robin barely misses you. The goblin hits you with a +0 club.
* * * LOW HITPOINT WARNING * * *
You hit Robin but do no damage.
Robin is severely wounded.
The goblin hits you with a +0 dagger.
* * * LOW HITPOINT WARNING * * *
Robin closely misses you. The goblin hits you with a +0 club.
* * * LOW HITPOINT WARNING * * *
The goblin hits you but does no damage.
Robin hits you with a +0 dagger of flaming.
* * * LOW HITPOINT WARNING * * *
Robin burns you.
* * * LOW HITPOINT WARNING * * *
You barely miss Robin.
Robin is severely wounded.
The goblin hits you but does no damage. x2
Robin hits you with a +0 dagger of flaming.
* * * LOW HITPOINT WARNING * * *
Robin burns you.
You die...
Robin lets out a smug laugh.

#.#.# #..%.....
#.#.# #.....#
#.#.###.....#
#..†........#
###.###<#.#.## #
#....##....####.#
##### ###.).....#
#..)).#######
#(.#)g@g......
##.#.g########
#.#.........
#...........
####........
#########


You could see Robin and 2 goblins.

Vanquished Creatures
  2 dart slugs
  6 bats
  4 endoplasms
  2 giant cockroaches (D:1)
  10 goblins
  5 hobgoblins
  3 kobolds (D:1)
  A rat (D:2)
33 creatures vanquished.

Notes
Turn   | Place    | Note
-------+----------+-------------------------------------------
     0 | D:1      | Griffin23 the Demigod Fighter began the quest for the Orb.
     0 | D:1      | Reached XP level 1. HP: 18/18 MP: 3/3
   359 | D:1      | You fall into a shaft and drop 1 floor!
   475 | D:2      | Reached XP level 2. HP: 25/25 MP: 4/4
  1588 | D:3      | Reached XP level 3. HP: 30/31 MP: 5/5
  1634 | D:3      | Noticed Robin
  1642 | D:3      | HP: 1/31 [Robin/+0 dagger of flaming (2)]
  1642 | D:3      | Slain by Robin

Illustrated notes

Levels and vault maps discovered:
D:1:      mrwooster_arrival_statue_3, layout_loops_ring,
          serial_co_window_serial, co_window_corner_a, co_window_paths_a,
          co_window_of_opportunity_a, co_window_of_opportunity_a,
          co_window_of_opportunity_a, co_window_broadway_b,
          co_window_of_opportunity_b, co_window_broadway_c, co_window_paths_d,
          co_window_4corner_b, glass_columns_b, glass_columns_a,
          glass_columns_b, glass_columns_a
D:2:      layout_basic, basic_altar
D:3:      minmay_chambers_of_twos, layout_loops_ring, minitemple, uniq_terence,
          uniq_natasha, uniq_robin

Skill      XL: |  1  2 |
---------------+-------+-----
Long Blades    | 2 |  2.4
Shields        | 3 |  3.0
Armour         | 3 |  3.0
Fighting       | 3 |  3.0

Action                     || total
---------------------------++-------
  Melee: Long sword        ||    99
 Armour: Scale mail        ||   105
  Dodge: Dodged            ||    48
  Block: Buckler           ||    29

Table legend: (Time is in decaauts)
 A = Elapsed time spent in this place.
 B = Non-inter-level travel time spent in this place.
 C = Inter-level travel time spent in this place.
 D = Time resting spent in this place.
 E = Time spent auto-exploring this place.
 F = Levels seen in this place.
 G = Mean time per level.
                   A        B        C        D        E       F      G
               +--------+--------+--------+--------+--------+-----+--------+
         Total |   1674 |   1590 |     84 |      0 |   1315 |   3 |  558.0 |
       Dungeon |   1674 |   1590 |     84 |      0 |   1315 |   3 |  558.0 |
               +--------+--------+--------+--------+--------+-----+--------+

Top non-repeatable levels by time:
     D:1: 958 daAuts
     D:2: 607 daAuts
     D:3: 108 daAuts
